[Event "Turkish Super League 2019"]
[Site "Konya"]
[Date "2019.07.24"]
[Round "8"]
[White "Caglar, Sila"]
[Black "Ozturk, Kubra"]
[Result "0-1"]
[ECO "C54"]
[WhiteElo "2306"]
[BlackElo "2317"]
[Annotator "NA RC"]
[PlyCount "25"]
[EventDate "2019.07.17"]
[EventType "team-tourn"]
[EventCountry "TUR"]
[SourceTitle "playchess.com"]
[Source "ChessBase"]
[SourceQuality "1"]
[TimeControl "40/5400+30:1800+30"]

1. e4 e5 2. Nf3 Nc6 3. Bc4 Bc5 4. c3 Nf6 5. d3 O-O 6. Bg5 h6 7. Bh4 Be7 8. Nbd2 d6 9. a4 Nh5 10. g3 Bxh4 11. Nxh4 Nf4 12. Qf3 Ne6 13. O-O-O 0-1

[Event "Turkish Super League 2019"]
[Site "Konya"]
[Date "2019.07.24"]
[Round "8"]
[White "Maltsevskaya, Aleksandra"]
[Black "Daulyte-Cornette, Deimante"]
[Result "1-0"]
[ECO "A23"]
[WhiteElo "2294"]
[BlackElo "2444"]
[Annotator "NA"]
[PlyCount "79"]
[EventDate "2019.07.17"]
[EventType "team-tourn"]
[EventCountry "TUR"]
[SourceTitle "playchess.com"]
[Source "ChessBase"]
[SourceQuality "1"]
[TimeControl "40/5400+30:1800+30"]

1. c4 e5 2. Nc3 Nf6 3. g3 c6 4. Nf3 e4 5. Nd4 Qb6 6. Nc2 d5 7. Bg2 dxc4 8. O-O Be6 9. d3 cxd3 10. exd3 exd3 11. Qxd3 Na6 12. Be3 Nb4 13. Qe2 Qa6 14. Qxa6 Nxa6 15. Nd4 Bc5 16. Nxe6 fxe6 17. Bxc5 Nxc5 18. b4 Ncd7 19. b5 Nd5 20. bxc6 bxc6 21. Ne4 Ke7 22. Rac1 Rac8 23. Rfe1 h6 24. Bh3 Rhd8 25. Nd6 Rc7 26. Rxe6+ Kf8 27. Ne4 Re8 28. Rexc6 Rxc6 29. Rxc6 Rxe4 30. Bxd7 Ke7 31. Bf5 Re1+ 32. Kg2 Nb4 33. Rg6 Kf7 34. a3 Nd5 35. Ra6 Re7 36. Bg6+ Kf8 37. Rd6 Re5 38. f4 Re2+ 39. Kf3 Rd2 40. Be4 1-0

[Event "Turkish Super League 2019"]
[Site "Konya"]
[Date "2019.07.24"]
[Round "8"]
[White "Yildiz Kadioglu, Betul Cemre"]
[Black "Dordzhieva, Dinara"]
[Result "1-0"]
[ECO "B22"]
[WhiteElo "2290"]
[BlackElo "2306"]
[Annotator "NA"]
[PlyCount "29"]
[EventDate "2019.07.17"]
[EventType "team-tourn"]
[EventCountry "TUR"]
[SourceTitle "playchess.com"]
[Source "ChessBase"]
[SourceQuality "1"]
[TimeControl "40/5400+30:1800+30"]

1. e4 c5 2. c3 d5 3. exd5 Qxd5 4. d4 Nf6 5. Nf3 Nc6 6. Be2 e6 7. O-O Be7 8. c4 Qd8 9. dxc5 Qxd1 10. Rxd1 Bxc5 11. Nc3 O-O 12. Bf4 b6 13. a3 Bb7 14. b4 Be7 15. Nb5 1-0

[Event "Turkish Super League 2019"]
[Site "Konya"]
[Date "2019.07.24"]
[Round "8"]
[White "Samani, Yamac"]
[Black "Secer, Ata"]
[Result "1/2-1/2"]
[ECO "B48"]
[WhiteElo "2266"]
[BlackElo "2324"]
[Annotator "NA"]
[PlyCount "34"]
[EventDate "2019.07.17"]
[EventType "team-tourn"]
[EventCountry "TUR"]
[SourceTitle "playchess.com"]
[Source "ChessBase"]
[SourceQuality "1"]
[TimeControl "40/5400+30:1800+30"]

1. e4 c5 2. Nf3 e6 3. d4 cxd4 4. Nxd4 Nc6 5. Nc3 Qc7 6. Be3 a6 7. Qf3 Bd6 8. O-O-O Be5 9. g3 Nge7 10. Qe2 O-O 11. f4 Bxd4 12. Bxd4 Nxd4 13. Rxd4 e5 14. fxe5 Nc6 15. Rd2 Nxe5 16. Kb1 b5 17. Bh3 Bb7 1/2-1/2

[Event "Turkish Super League 2019"]
[Site "Konya"]
[Date "2019.07.24"]
[Round "8"]
[White "Keler, Faruk"]
[Black "Kitir, Ahmet"]
[Result "1-0"]
[ECO "A04"]
[WhiteElo "2263"]
[BlackElo "2012"]
[Annotator "NA"]
[PlyCount "69"]
[EventDate "2019.07.17"]
[EventType "team-tourn"]
[EventCountry "TUR"]
[SourceTitle "playchess.com"]
[Source "ChessBase"]
[SourceQuality "1"]
[TimeControl "40/5400+30:1800+30"]

1. Nf3 f5 2. d3 e6 3. e4 fxe4 4. dxe4 Nc6 5. Bd3 b6 6. O-O Bb7 7. e5 Nb4 8. Be2 Qe7 9. c3 Nc6 10. b4 g6 11. b5 Nd8 12. a4 Qg7 13. a5 Nf7 14. Be3 Ne7 15. Nbd2 Nd5 16. Bd4 Nf4 17. axb6 axb6 18. Rxa8+ Bxa8 19. Bc4 Be7 20. Re1 g5 21. Ne4 g4 22. Nfd2 h5 23. Qa4 O-O 24. Qa7 Ng5 25. Bf1 Nxe4 26. Nxe4 Qg6 27. Nf6+ Bxf6 28. exf6 Nh3+ 29. Kh1 Qc2 30. Qxc7 Nxf2+ 31. Kg1 Ne4 32. Qxd7 Rxf6 33. Qe8+ Kh7 34. Qxa8 Ng5 35. Bxf6 1-0

[Event "Turkish Super League 2019"]
[Site "Konya"]
[Date "2019.07.24"]
[Round "8"]
[White "Uysal, Burak"]
[Black "Heberla, Bartlomiej"]
[Result "1/2-1/2"]
[ECO "D35"]
[WhiteElo "2228"]
[BlackElo "2534"]
[Annotator "ChessBase"]
[PlyCount "29"]
[EventDate "2019.07.17"]
[EventType "team-tourn"]
[EventCountry "TUR"]
[SourceTitle "playchess.com"]
[Source "ChessBase"]
[SourceQuality "1"]
[TimeControl "40/5400+30:1800+30"]

1. d4 d5 2. c4 e6 3. Nc3 Nf6 4. cxd5 exd5 5. Bg5 c6 6. e3 Bd6 7. Bd3 O-O 8. Qc2 h6 9. Bh4 Re8 10. Nge2 a5 11. h3 Na6 12. a3 Nc7 13. O-O Ne6 14. Rad1 Ng5 15. f4 1/2-1/2

[Event "Turkish Super League 2019"]
[Site "Konya"]
[Date "2019.07.24"]
[Round "8"]
[White "Akdogan, Alperen"]
[Black "Eren, Ataberk"]
[Result "1/2-1/2"]
[ECO "D23"]
[WhiteElo "2193"]
[BlackElo "2295"]
[Annotator "NA"]
[PlyCount "61"]
[EventDate "2019.07.17"]
[EventType "team-tourn"]
[EventCountry "TUR"]
[SourceTitle "playchess.com"]
[Source "ChessBase"]
[SourceQuality "1"]
[TimeControl "40/5400+30:1800+30"]

1. d4 d5 2. Nf3 Nf6 3. c4 c6 4. Qc2 dxc4 5. Qxc4 Bg4 6. Nbd2 e6 7. g3 Be7 8. Bg2 O-O 9. O-O Nbd7 10. Ne5 Bh5 11. Nxd7 Nxd7 12. Nb3 a5 13. a4 e5 14. Rd1 Re8 15. dxe5 Nxe5 16. Qc2 Qb6 17. Be3 Bg6 18. Qxg6 Qxe3 19. Qc2 Qb6 20. e3 Rad8 21. Rac1 g6 22. Nd4 Bf6 23. h3 Qb4 24. b3 Kg7 25. Qc5 Qxc5 26. Rxc5 b6 27. Rcc1 c5 28. Nc6 Nxc6 29. Bxc6 Re6 30. Rxd8 Bxd8 31. Bf3 1/2-1/2

[Event "Turkish Super League 2019"]
[Site "Konya"]
[Date "2019.07.24"]
[Round "8"]
[White "Aydin, Hakan Arda"]
[Black "Agdelen, Huseyin Can"]
[Result "0-1"]
[ECO "B97"]
[WhiteElo "1956"]
[BlackElo "2275"]
[Annotator "NA"]
[PlyCount "20"]
[EventDate "2019.07.17"]
[EventType "team-tourn"]
[EventCountry "TUR"]
[SourceTitle "playchess.com"]
[Source "ChessBase"]
[SourceQuality "1"]
[TimeControl "40/5400+30:1800+30"]

1. e4 c5 2. Nf3 d6 3. d4 cxd4 4. Nxd4 Nf6 5. Nc3 a6 6. Bg5 Nbd7 7. f4 Qb6 8. Nb3 e6 9. Qf3 Qc7 10. O-O-O b5 0-1

[Event "Turkish Super League 2019"]
[Site "Konya"]
[Date "2019.07.25"]
[Round "9"]
[White "Rasulov, Vugar"]
[Black "Romanov, Evgeny"]
[Result "1/2-1/2"]
[ECO "C77"]
[WhiteElo "2534"]
[BlackElo "2582"]
[Annotator "ChessBase"]
[PlyCount "75"]
[EventDate "2019.07.17"]
[EventType "team-tourn"]
[EventCountry "TUR"]
[SourceTitle "playchess.com"]
[Source "ChessBase"]
[SourceQuality "1"]
[TimeControl "40/5400+30:1800+30"]

1. e4 e5 2. Nf3 Nc6 3. Bb5 a6 4. Ba4 Nf6 5. O-O Be7 6. d3 d6 7. c3 O-O 8. Nbd2 b5 9. Bc2 Nb8 10. Re1 Re8 11. Nf1 Bf8 12. Ng3 g6 13. d4 Nbd7 14. a4 Bb7 15. Bd3 c6 16. b3 Bg7 17. Bb2 Qc7 18. Qc2 d5 19. dxe5 Nxe4 20. axb5 cxb5 21. Nxe4 dxe4 22. Bxe4 Nxe5 23. Bxb7 Qxb7 24. Nxe5 Rxe5 25. Rxe5 Bxe5 26. Re1 Bg7 27. g3 a5 28. Ba1 a4 29. bxa4 bxa4 30. c4 a3 31. c5 Qc6 32. Bxg7 Kxg7 33. Ra1 Kg8 34. Qc3 a2 35. Qc2 Ra5 36. Rxa2 Rxc5 37. Ra8+ Qxa8 38. Qxc5 1/2-1/2

[Event "Turkish Super League 2019"]
[Site "Konya"]
[Date "2019.07.25"]
[Round "9"]
[White "Ali Marandi, Cemil Can"]
[Black "Gunduz, Umut Erdem"]
[Result "1-0"]
[ECO "A45"]
[WhiteElo "2527"]
[BlackElo "2261"]
[Annotator "ChessBase"]
[PlyCount "71"]
[EventDate "2019.07.17"]
[EventType "team-tourn"]
[EventCountry "TUR"]
[SourceTitle "playchess.com"]
[Source "ChessBase"]
[SourceQuality "1"]
[TimeControl "40/5400+30:1800+30"]

1. d4 Nf6 2. Bg5 Ne4 3. h4 d5 4. Nd2 Bf5 5. Nxe4 Bxe4 6. f3 Bf5 7. g4 h6 8. Bf4 Bg6 9. h5 Bh7 10. e3 e6 11. Bd3 Bxd3 12. Qxd3 Nc6 13. O-O-O Bd6 14. Ne2 Bxf4 15. Nxf4 Qd6 16. Kb1 O-O-O 17. Rhg1 Rhe8 18. g5 e5 19. Ne2 exd4 20. exd4 Qh2 21. gxh6 gxh6 22. Ng3 Rg8 23. f4 Qf2 24. c3 Qxf4 25. Qf5+ Qxf5+ 26. Nxf5 Rg5 27. Rxg5 hxg5 28. Re1 Kd7 29. c4 dxc4 30. d5 Nb4 31. Re7+ Kc8 32. d6 cxd6 33. h6 Nc6 34. h7 Rh8 35. Nxd6+ Kd8 36. Re8+ 1-0

[Event "Turkish Super League 2019"]
[Site "Konya"]
[Date "2019.07.25"]
[Round "9"]
[White "Sanal, Vahap"]
[Black "Nihal Sarin"]
[Result "1/2-1/2"]
[ECO "B69"]
[WhiteElo "2520"]
[BlackElo "2610"]
[Annotator "ChessBase"]
[PlyCount "110"]
[EventDate "2019.07.17"]
[EventType "team-tourn"]
[EventCountry "TUR"]
[SourceTitle "playchess.com"]
[Source "ChessBase"]
[SourceQuality "1"]
[TimeControl "40/5400+30:1800+30"]

1. e4 c5 2. Nc3 d6 3. Nge2 Nf6 4. d4 cxd4 5. Nxd4 Nc6 6. Bg5 e6 7. Qd2 a6 8. O-O-O Be7 9. f4 Bd7 10. Nf3 b5 11. Bxf6 gxf6 12. Kb1 Qb6 13. h4 h5 14. Ne2 O-O-O 15. Nfd4 Kb8 16. Qe1 Rhg8 17. g3 Rc8 18. Bh3 Na5 19. b3 Rc7 20. Rd2 Rgc8 21. Qd1 Ka7 22. c3 Nb7 23. Re1 a5 24. f5 e5 25. Nc2 Bf8 26. Bg2 Bh6 27. Rd3 Rc6 28. Bf3 b4 29. c4 Nc5 30. Rd5 a4 31. Kb2 Be8 32. Nc1 Qa5 33. Nd3 Rb8 34. Qe2 Ra6 35. Ra1 a3+ 36. Kb1 Bf8 37. Nxc5 dxc5 38. Ne3 Bc6 39. Rd3 Rd8 40. Nd5 Bxd5 41. Rxd5 Rxd5 42. exd5 e4 43. Qxe4 Qc7 44. Kc2 Qxg3 45. Re1 Bd6 46. Re2 Rb6 47. Rg2 Qh3 48. Rg8 Rb7 49. Re8 Qf1 50. Ra8+ Kxa8 51. Qe8+ Ka7 52. Qa4+ Kb8 53. Qe8+ Ka7 54. Qa4+ Kb8 55. Qe8+ Ka7 1/2-1/2

[Event "Turkish Super League 2019"]
[Site "Konya"]
[Date "2019.07.25"]
[Round "9"]
[White "Annaberdiev, Meilis"]
[Black "Dimitrov, Radoslav"]
[Result "0-1"]
[ECO "B10"]
[WhiteElo "2515"]
[BlackElo "2530"]
[Annotator "ChessBase"]
[PlyCount "91"]
[EventDate "2019.07.17"]
[EventType "team-tourn"]
[EventCountry "TUR"]
[SourceTitle "playchess.com"]
[Source "ChessBase"]
[SourceQuality "1"]
[TimeControl "40/5400+30:1800+30"]

1. e4 c6 2. d3 d5 3. Nd2 g6 4. Ngf3 Bg7 5. g3 e5 6. Bg2 Ne7 7. O-O O-O 8. Re1 d4 9. Nc4 b5 10. Ncd2 h6 11. Nb3 Qd6 12. a4 Be6 13. axb5 Bxb3 14. b6 Nd7 15. b7 Rab8 16. cxb3 Rxb7 17. Nd2 Qe6 18. Ra5 c5 19. f4 Nc6 20. Ra3 Nb4 21. Nc4 Nb6 22. Rf1 exf4 23. gxf4 Qe7 24. Rf3 f5 25. Rg3 Nxc4 26. bxc4 Rb6 27. Bd2 Nxd3 28. Raxd3 fxe4 29. Rb3 Re6 30. Qg4 Rd6 31. h4 e3 32. Rb7 Qe8 33. Be1 d3 34. Bd5+ Rxd5 35. cxd5 d2 36. Qe2 dxe1=R+ 37. Qxe1 e2 38. d6 Rxf4 39. Re7 Rf1+ 40. Qxf1 Bd4+ 41. Kg2 exf1=Q+ 42. Kxf1 Qf8+ 43. Kg2 Qf2+ 44. Kh3 Qf5+ 45. Kh2 Be5 46. b3 0-1

[Event "Turkish Super League 2019"]
[Site "Konya"]
[Date "2019.07.25"]
[Round "9"]
[White "Lobanov, Sergei"]
[Black "Aydin, Hakan Arda"]
[Result "1/2-1/2"]
[ECO "C54"]
[WhiteElo "2505"]
[BlackElo "1956"]
[Annotator "ChessBase"]
[PlyCount "117"]
[EventDate "2019.07.17"]
[EventType "team-tourn"]
[EventCountry "TUR"]
[SourceTitle "playchess.com"]
[Source "ChessBase"]
[SourceQuality "1"]
[TimeControl "40/5400+30:1800+30"]

1. e4 e5 2. Nf3 Nc6 3. Bc4 Bc5 4. c3 Nf6 5. d3 d6 6. Bb3 a6 7. O-O Ba7 8. h3 h6 9. Re1 O-O 10. Nbd2 Nh5 11. Nf1 Qf6 12. Be3 Nf4 13. d4 Ne7 14. Kh2 Neg6 15. Ng1 Re8 16. d5 Nf8 17. g3 N4g6 18. Kg2 Ne7 19. Bxa7 Rxa7 20. Ne3 Qg6 21. Nf3 f5 22. Nh4 Qg5 23. exf5 Nxf5 24. Nhxf5 Bxf5 25. h4 Qf6 26. Nxf5 Qxf5 27. f4 Raa8 28. Bc2 Qf6 29. Qh5 Qf7 30. Qxf7+ Kxf7 31. fxe5 Rxe5 32. Rxe5 dxe5 33. Rf1+ Ke7 34. Kf3 Nd7 35. Ke4 Re8 36. b4 a5 37. Ba4 axb4 38. Bxd7 Kxd7 39. Rf7+ Re7 40. Rxe7+ Kxe7 41. cxb4 Kd6 42. a4 h5 43. a5 c6 44. dxc6 Kxc6 45. Kxe5 Kb5 46. g4 hxg4 47. Kf4 Kxb4 48. Kxg4 Kxa5 49. Kg5 b5 50. Kg6 b4 51. Kxg7 b3 52. h5 b2 53. h6 b1=Q 54. h7 Qg1+ 55. Kf7 Qf2+ 56. Kg7 Qg3+ 57. Kf7 Qf4+ 58. Kg7 Qg5+ 59. Kf7 1/2-1/2

[Event "Turkish Super League 2019"]
[Site "Konya"]
[Date "2019.07.25"]
[Round "9"]
[White "Esen, Baris"]
[Black "Gadimbayli, Abdulla"]
[Result "0-1"]
[ECO "A14"]
[WhiteElo "2478"]
[BlackElo "2414"]
[Annotator "RC"]
[PlyCount "68"]
[EventDate "2019.07.17"]
[EventType "team-tourn"]
[EventCountry "TUR"]
[SourceTitle "playchess.com"]
[Source "ChessBase"]
[SourceQuality "1"]
[TimeControl "40/5400+30:1800+30"]

1. Nf3 Nf6 2. c4 b6 3. g3 Bb7 4. Bg2 e6 5. O-O Be7 6. b3 O-O 7. Bb2 c5 8. e3 d5 9. Qe2 Nc6 10. d4 cxd4 11. exd4 Rc8 12. Nbd2 Re8 13. Rfd1 Bb4 14. Nf1 Ba6 15. Rac1 Na5 16. Ne5 Qe7 17. Ne3 Red8 18. Rc2 h6 19. Bf3 Rc7 20. Qf1 Rdc8 21. Be2 Bb7 22. f3 dxc4 23. bxc4 Qe8 24. Qh3 Nd5 25. Nf1 f6 26. Ng4 Nxc4 27. Bd3 Nxb2 28. Rxb2 f5 29. Nf2 Bc3 30. Re2 Qg6 31. Qh4 Bb4 32. g4 Nc3 33. Ng3 Nxd1 34. Nh3 Be7 0-1

[Event "Turkish Super League 2019"]
[Site "Konya"]
[Date "2019.07.25"]
[Round "9"]
[White "Firat, Burak"]
[Black "Keler, Faruk"]
[Result "1-0"]
[ECO "C43"]
[WhiteElo "2463"]
[BlackElo "2263"]
[Annotator "ChessBase"]
[PlyCount "91"]
[EventDate "2019.07.17"]
[EventType "team-tourn"]
[EventCountry "TUR"]
[SourceTitle "playchess.com"]
[Source "ChessBase"]
[SourceQuality "1"]
[TimeControl "40/5400+30:1800+30"]

1. e4 e5 2. Nf3 Nf6 3. d4 Nxe4 4. Bd3 d5 5. Nxe5 Nd7 6. Nxd7 Bxd7 7. O-O Bd6 8. Nc3 Nxc3 9. bxc3 O-O 10. Qh5 f5 11. Re1 c6 12. Bg5 Qc7 13. Re3 g6 14. Qh6 Rae8 15. Rae1 Rxe3 16. Rxe3 Re8 17. c4 Rxe3 18. Bxe3 Be6 19. c5 Bf8 20. Qh4 Be7 21. Qh6 Bf8 22. Qh4 Be7 23. Bg5 Bf8 24. Bf4 Qe7 25. Bg5 Qc7 26. Bf4 Qe7 27. Qg3 b6 28. Bd6 Qf6 29. Bxf8 f4 30. Be7 Qxe7 31. Qxf4 bxc5 32. Qb8+ Kg7 33. Qe5+ Kf7 34. dxc5 Qxc5 35. Qh8 Bf5 36. Qxh7+ Kf6 37. Qh8+ Ke6 38. Qe8+ Kf6 39. Qd8+ Ke6 40. Qg8+ Kf6 41. Qd8+ Ke6 42. Qe8+ Kf6 43. Bxf5 Kxf5 44. Qf7+ Kg5 45. g3 Qd4 46. Qe7+ 1-0

[Event "Turkish Super League 2019"]
[Site "Konya"]
[Date "2019.07.25"]
[Round "9"]
[White "Daulyte-Cornette, Deimante"]
[Black "Savina, Anastasia"]
[Result "1-0"]
[ECO "C48"]
[WhiteElo "2444"]
[BlackElo "2344"]
[Annotator "NA"]
[PlyCount "65"]
[EventDate "2019.07.17"]
[EventType "team-tourn"]
[EventCountry "TUR"]
[SourceTitle "playchess.com"]
[Source "ChessBase"]
[SourceQuality "1"]
[TimeControl "40/5400+30:1800+30"]

1. e4 e5 2. Nf3 Nc6 3. Nc3 Nf6 4. Bb5 Nd4 5. Bc4 c6 6. Nxe5 d5 7. exd5 Bd6 8. Nf3 Nxf3+ 9. Qxf3 O-O 10. h3 Re8+ 11. Be2 cxd5 12. d4 Ne4 13. Nxe4 dxe4 14. Qb3 Be6 15. Bc4 Bxc4 16. Qxc4 Rc8 17. Qb3 b5 18. c3 b4 19. c4 Bb8 20. Be3 f5 21. g3 a5 22. c5+ Kh8 23. O-O-O Qd7 24. Kb1 Red8 25. d5 Be5 26. d6 Bf6 27. Qd5 a4 28. Bd4 Bxd4 29. Rxd4 b3 30. a3 Qb5 31. Rc1 Qe2 32. d7 Rc7 33. Qe5 1-0

[Event "Turkish Super League 2019"]
[Site "Konya"]
[Date "2019.07.25"]
[Round "9"]
[White "Mammadzada, Gunay"]
[Black "Buksa, Nataliya"]
[Result "0-1"]
[ECO "B33"]
[WhiteElo "2427"]
[BlackElo "2379"]
[Annotator "ChessBase"]
[PlyCount "80"]
[EventDate "2019.07.17"]
[EventType "team-tourn"]
[EventCountry "TUR"]
[SourceTitle "playchess.com"]
[Source "ChessBase"]
[SourceQuality "1"]
[TimeControl "40/5400+30:1800+30"]

1. e4 c5 2. Nf3 Nc6 3. d4 cxd4 4. Nxd4 Nf6 5. Nc3 e5 6. Ndb5 d6 7. Bg5 a6 8. Na3 b5 9. Nd5 Be7 10. Bxf6 Bxf6 11. c3 Rb8 12. Nc2 Bg5 13. g3 O-O 14. h4 Bh6 15. Bg2 a5 16. a3 Be6 17. O-O g6 18. Qd3 f5 19. b4 Qd7 20. Rad1 f4 21. Ne1 fxg3 22. fxg3 Kh8 23. Nf3 Bg4 24. Kh2 Rf7 25. Rde1 Qd8 26. Rb1 axb4 27. axb4 Ne7 28. Rbd1 Ng8 29. Ra1 Qd7 30. Ng5 Rxf1 31. Bxf1 Bxg5 32. hxg5 Be6 33. Ra5 Qd8 34. Qd2 Bxd5 35. exd5 Qd7 36. Bh3 Qf7 37. Be6 Qf3 38. Ra6 Rf8 39. Rxd6 Qf1 40. Bh3 Rf2+ 0-1

[Event "Turkish Super League 2019"]
[Site "Konya"]
[Date "2019.07.25"]
[Round "9"]
[White "Kerigan, Demre"]
[Black "Gulbas, Cemil"]
[Result "0-1"]
[ECO "B12"]
[WhiteElo "2398"]
[BlackElo "2380"]
[Annotator "NA"]
[PlyCount "62"]
[EventDate "2019.07.17"]
[EventType "team-tourn"]
[EventCountry "TUR"]
[SourceTitle "playchess.com"]
[Source "ChessBase"]
[SourceQuality "1"]
[TimeControl "40/5400+30:1800+30"]

1. e4 c6 2. d4 d5 3. e5 Bf5 4. Nf3 e6 5. Be2 c5 6. dxc5 Bxc5 7. Nbd2 Ne7 8. Nb3 Bb6 9. Nfd4 Nbc6 10. Bf4 O-O 11. Nxf5 Nxf5 12. Bd3 Bc7 13. Qe2 Nfe7 14. Bg3 Nb4 15. O-O Nxd3 16. Qxd3 Nf5 17. Rfe1 Bb6 18. a4 a6 19. a5 Ba7 20. Ra4 Rc8 21. Rb4 Rc7 22. c3 Qe7 23. Rf4 Rc6 24. Nd4 Bxd4 25. Rxf5 exf5 26. Qxd4 Qc5 27. Qf4 Qxa5 28. Qxf5 d4 29. b4 Qb5 30. cxd4 Qxb4 31. Qe4 Rd8 0-1

[Event "Turkish Super League 2019"]
[Site "Konya"]
[Date "2019.07.25"]
[Round "9"]
[White "Ertan, Can"]
[Black "Arat, Ufuk Sezen"]
[Result "0-1"]
[ECO "C42"]
[WhiteElo "2396"]
[BlackElo "2376"]
[Annotator "NA"]
[PlyCount "100"]
[EventDate "2019.07.17"]
[EventType "team-tourn"]
[EventCountry "TUR"]
[SourceTitle "playchess.com"]
[Source "ChessBase"]
[SourceQuality "1"]
[TimeControl "40/5400+30:1800+30"]

1. e4 e5 2. Nf3 Nf6 3. Nxe5 d6 4. Nf3 Nxe4 5. d4 d5 6. Bd3 Bf5 7. O-O Be7 8. Re1 Nc6 9. c4 Nb4 10. Bf1 O-O {C42: Petroff Defence: 3 Nxe5 and unusual White 3rd moves} 11. a3 Nc6 12. cxd5 Qxd5 13. Nc3 Nxc3 14. bxc3 Bf6 15. Bf4 Rac8 16. Ne5 (16. h3 Bg6 17. g4 h6 18. Bg2 {1-0 (40) So,W (2822)-Nilsen,J (2414) chess.com INT 2017}) 16... Nxe5 17. Bxe5 Qc6 18. d5 $146 ({Predecessor:} 18. Qb3 Be6 19. c4 Bxe5 20. Rxe5 Qd6 21. Qe3 {½-½ (21) Rodriguez Cespedes,A (2360)-Garcia Gonzales,G Cuba 1983}) 18... Qb6 19. Qf3 Bxe5 20. Rxe5 Bg6 21. Rae1 Qc5 22. c4 b6 23. h4 h5 24. Re7 a5 25. Qc3 c6 26. R1e6 Bh7 27. d6 Bf5 28. Re5 Qxd6 29. Rb7 Bg6 30. Rxb6 Qd8 31. Qxa5 Qxh4 32. Qc5 Qf4 33. Re3 Qf5 34. Qe7 Qc2 35. c5 Qc1 36. Re1 Qc3 37. a4 Qa3 38. Ra6 Ra8 39. Ra7 Qb4 40. Re3 Qb8 41. Rc7 Rc8 42. Rb7 Qf4 43. Rf3 Qg4 44. Rg3 $11 Qd4 45. Bc4 Qxc4 46. Rxg6 Qc1+ 47. Kh2 Qf4+ 48. g3 Qxf2+ 49. Kh1 Qf3+ 50. Kh2 Re8 0-1

[Event "Turkish Super League 2019"]
[Site "Konya"]
[Date "2019.07.25"]
[Round "9"]
[White "Osmak, Iulija"]
[Black "Atalik, Ekaterina"]
[Result "1/2-1/2"]
[ECO "A47"]
[WhiteElo "2395"]
[BlackElo "2459"]
[Annotator "ChessBase"]
[PlyCount "92"]
[EventDate "2019.07.17"]
[EventType "team-tourn"]
[EventCountry "TUR"]
[SourceTitle "playchess.com"]
[Source "ChessBase"]
[SourceQuality "1"]
[TimeControl "40/5400+30:1800+30"]

1. d4 Nf6 2. Bf4 c5 3. e3 e6 4. c3 b6 5. Nf3 Bb7 6. Bd3 Be7 7. h3 O-O 8. Nbd2 cxd4 9. exd4 Nc6 10. O-O h6 11. a4 Nd5 12. Bh2 d6 13. Re1 Re8 14. Nc4 Bf8 15. Nfd2 Nf6 16. a5 Nxa5 17. Nxa5 bxa5 18. Nb3 Rb8 19. Nxa5 Ba8 20. Qe2 e5 21. dxe5 dxe5 22. Nc4 Qd5 23. Qf1 Rbd8 24. Rad1 e4 25. Bxe4 Nxe4 26. Rxd5 Bxd5 27. Bf4 Rc8 28. Nd2 Re6 29. Kh1 Nxd2 30. Bxd2 Bc4 31. Qg1 Rb6 32. b4 Rd6 33. Be3 Rd3 34. Rc1 Bb3 35. Qe1 Bxb4 36. cxb4 Rxc1 37. Qxc1 Rd1+ 38. Qxd1 Bxd1 39. Bxa7 Be2 40. f3 f5 41. Kg1 Kf7 42. Kf2 Bb5 43. h4 h5 44. Ke3 Ke6 45. Kf4 g6 46. Bb8 Bf1 1/2-1/2

[Event "Turkish Super League 2019"]
[Site "Konya"]
[Date "2019.07.25"]
[Round "9"]
[White "Can, Isik"]
[Black "Ozen, Deniz"]
[Result "0-1"]
[ECO "C43"]
[WhiteElo "2374"]
[BlackElo "2430"]
[Annotator "ChessBase"]
[PlyCount "80"]
[EventDate "2019.07.17"]
[EventType "team-tourn"]
[EventCountry "TUR"]
[SourceTitle "playchess.com"]
[Source "ChessBase"]
[SourceQuality "1"]
[TimeControl "40/5400+30:1800+30"]

1. e4 e5 2. Nf3 Nf6 3. d4 Nxe4 4. dxe5 d5 5. Nbd2 Nxd2 6. Qxd2 Be7 7. Qf4 Qd7 8. h3 Qf5 9. Bd3 Qxf4 10. Bxf4 c5 11. O-O-O Nc6 12. g4 Be6 13. Bf5 g6 14. Bd3 d4 15. Ng5 Nxe5 16. Bb5+ Bd7 17. Bxd7+ Nxd7 18. Rhe1 Kf8 19. c3 Nb6 20. Nf3 f6 21. cxd4 cxd4 22. Nxd4 Kf7 23. Nb5 a6 24. Bd6 Rhe8 25. Bxe7 axb5 26. Ba3 Rxe1 27. Rxe1 Nd5 28. Re4 g5 29. Kc2 Ra4 30. Rxa4 bxa4 31. Bd6 Ke6 32. Bg3 Nb4+ 33. Kb1 f5 34. f4 gxf4 35. Bxf4 fxg4 36. hxg4 Nd3 37. Bh6 Ne5 38. g5 Nf7 39. Kc2 Nxh6 40. gxh6 Ke5 0-1

[Event "Turkish Super League 2019"]
[Site "Konya"]
[Date "2019.07.25"]
[Round "9"]
[White "Ozer, Omer Faruk"]
[Black "Tarlabasi, Emirhan"]
[Result "1/2-1/2"]
[ECO "A08"]
[WhiteElo "2369"]
[BlackElo "2352"]
[Annotator "NA"]
[PlyCount "101"]
[EventDate "2019.07.17"]
[EventType "team-tourn"]
[EventCountry "TUR"]
[SourceTitle "playchess.com"]
[Source "ChessBase"]
[SourceQuality "1"]
[TimeControl "40/5400+30:1800+30"]

1. Nf3 d5 2. g3 Nf6 3. Bg2 e6 4. O-O Be7 5. d3 c5 6. c3 Nc6 7. a3 a5 8. a4 O-O 9. Na3 h6 10. Qc2 b6 11. e4 Ba6 12. Rd1 Ra7 13. Nb5 Rd7 14. Bf4 Qc8 15. Qe2 Rfd8 16. e5 Ne8 17. h4 Nc7 18. Nxc7 Qxc7 19. g4 Rb8 20. Bh3 b5 21. g5 hxg5 22. hxg5 g6 23. axb5 Rxb5 24. Nh2 Qd8 25. Qd2 Rdb7 26. Ra2 Qb8 27. Ng4 Rxb2 28. Rxb2 Rxb2 29. Qe1 Kg7 30. Nf6 a4 31. Kg2 Qh8 32. Bg4 a3 33. Qh1 Rb8 34. Qf1 Qh4 35. Qe2 Rb2 36. Qf3 a2 37. Bg3 Qh8 38. Ra1 Rb1 39. Nh5+ gxh5 40. Bxh5 Qxh5 41. Qxh5 Rxa1 42. Qh6+ Kg8 43. g6 fxg6 44. Qxg6+ Kh8 45. Qh6+ Kg8 46. Qxe6+ Kg7 47. Qg4+ Kf8 48. Qf5+ Kg7 49. Qg4+ Kf8 50. Qf5+ Kg7 51. Qg4+ 1/2-1/2

[Event "Turkish Super League 2019"]
[Site "Konya"]
[Date "2019.07.25"]
[Round "9"]
[White "Secer, Ata"]
[Black "Ayan, Bengu Sena"]
[Result "1-0"]
[ECO "C07"]
[WhiteElo "2324"]
[BlackElo "1885"]
[Annotator "NA"]
[PlyCount "81"]
[EventDate "2019.07.17"]
[EventType "team-tourn"]
[EventCountry "TUR"]
[SourceTitle "playchess.com"]
[Source "ChessBase"]
[SourceQuality "1"]
[TimeControl "40/5400+30:1800+30"]

1. e4 e6 2. d4 d5 3. Nd2 a6 4. Ngf3 c5 5. c3 Nc6 6. Bd3 Nf6 7. O-O Be7 8. dxc5 Bxc5 9. exd5 Nxd5 10. Ne4 Be7 11. c4 Nf6 12. Qe2 Qc7 13. b3 Nxe4 14. Bxe4 Bf6 15. Bb2 Bxb2 16. Qxb2 O-O 17. Rad1 Re8 18. Qa3 Ne7 19. Qd6 Qxd6 20. Rxd6 f5 21. Bd3 Nc6 22. c5 g6 23. Bc4 Kg7 24. Re1 e5 25. Bd5 Nb4 26. Rxe5 Rxe5 27. Nxe5 Nxd5 28. Rxd5 Be6 29. Rd6 Kf6 30. f4 a5 31. c6 bxc6 32. Nxc6 Kf7 33. Nd4 Bc8 34. Rd8 Kf6 35. Nc6 h6 36. a4 g5 37. g3 gxf4 38. gxf4 h5 39. h4 Kf7 40. Kf2 Kf6 41. Ke3 1-0